 Dungeon Crawl Stone Soup version 0.29.1-15-g9cfb28693d (webtiles) character file.

Game seed: 827194537687222926

40 Peloso the Covered (level 3, -9/33 HPs)
             Began as a Minotaur Fighter on Apr 22, 2023.
             Mangled by a gnoll
             ... wielding a +0 halberd
              (10 damage)
             ... on level 2 of the Dungeon.
             The game lasted 00:01:55 (1509 turns).

Peloso the Covered (Minotaur Fighter)               Turns: 1509, Time: 00:01:56

Health: -9/33      AC: 12    Str: 20    XL:     3   Next: 30%
Magic:  2/2        EV:  7    Int:  5    God:
Gold:   112        SH:  4    Dex: 11    Spells: 2/2 levels left

rFire   . . .      SeeInvis .   a - +0 long sword
rCold   . . .      Faith    .   d - +0 buckler
rNeg    . . .      Spirit   .   c - +0 chain mail
rPois   .          Reflect  .   (helmet restricted)
rElec   .          Harm     .   (no cloak)
rCorr   .          Rampage  .   e - +2 pair of gloves
Will    .....                   (no boots)
Stlth   ..........              (no amulet)
HPRegen 0.11/turn               (no ring)
MPRegen 0.08/turn               (no ring)

@: no status effects
A: horns 2, retaliatory headbutt
a: no special abilities


You were on level 2 of the Dungeon.
You visited 1 branch of the dungeon, and saw 2 of its levels.

You collected 112 gold pieces.

Inventory:

Hand Weapons
 a - a +0 long sword (weapon)
Armour
 b - a +0 scale mail
 c - a +0 chain mail (worn)
 d - a +0 buckler (worn)
 e - a +2 pair of gloves (worn)
Scrolls
 h - a scroll of butterflies
 j - a scroll of magic mapping {unknown}
Potions
 f - 2 potions of might
 g - 2 potions of haste {unknown}
 k - a potion of mutation


   Skills:
 + Level 4.0 Fighting
 + Level 3.1 Long Blades
 + Level 4.3 Armour
 + Level 4.0 Shields


You had 2 spell levels left.
You didn't know any spells.
Your spell library contained the following spells:

 Spells                   Type           Power      Damage    Failure   Level
 Anguish                  Hex/Necr       0%         N/A       100%        4
 Enfeeble                 Hex            0%         N/A       100%        7


Dungeon Overview and Level Annotations

Branches:
Dungeon (2/15)

Altars:


Innate Abilities, Weirdness & Mutations

You have a pair of horns on your head.
You reflexively headbutt those who attack you in melee.


Message History

The gnoll barely misses you.
You hit the gnoll. Your headbutt misses the gnoll.
The gnoll is moderately wounded.
The gnoll hits you from afar with a +0 halberd.
The gnoll hits you but does no damage. x2
You barely miss the gnoll.
The gnoll is moderately wounded.
You block the gnoll's attack.
The gnoll hits you from afar with a +0 spear.
The gnoll barely misses you.
You slash the gnoll!
You kill the gnoll!
The gnoll hits you but does no damage. You block the gnoll's attack.
The gnoll hits you but does no damage. x2
Your Shields skill increases to level 4!
The gnoll hits you but does no damage. The gnoll hits you with a +0 spear.
You see here a +0 club.
You hit the gnoll but do no damage.
The gnoll is almost dead.
You block the gnoll's attack. The gnoll hits you with a +0 spear.
The gnoll attacks as you move away! The gnoll hits you with a +0 spear.
The gnoll attacks as you move away! The gnoll closely misses you.
You furiously retaliate!
You headbutt the gnoll, but do no damage.
The gnoll barely misses you. The gnoll hits you but does no damage.
You block the gnoll's attack. The gnoll barely misses you.
You closely miss the gnoll. The gnoll hits you with a +0 halberd.
* * * LOW HITPOINT WARNING * * *
The gnoll hits you but does no damage.
You hit the gnoll.
The gnoll is moderately wounded.
You block the gnoll's attack.
The gnoll hits you from afar with a +0 spear.
* * * LOW HITPOINT WARNING * * *
You closely miss the gnoll.
The gnoll is moderately wounded.
The gnoll closely misses you. The gnoll hits you with a +0 halberd.
* * * LOW HITPOINT WARNING * * *
The gnoll hits you with a +0 halberd!
You die...

#####..# #..... #...#..#
#.#.## #.#.#..###.#.#
###### #.#..........#
#..... ###.######.....##
#..... #...##...'....[+.
#..... #.####.###.....#.
#.....##.# #.......###.
#....gg@.####..####.###.
#####S####.......##.....
... ........#.###. #.#.
#......+..... #.#.
#.....†#.###. # #.
.......#...... ##
##...###..#### #..
+....##.. #. ###..##.#


You could see 2 gnolls and an adder.

Vanquished Creatures
  A gnoll (D:2)
  An endoplasm (D:1)
  4 giant cockroaches
  A goblin (D:1)
  A hobgoblin (D:1)
  4 jackals (D:2)
  2 kobolds
  4 quokkas
  3 ball pythons
  4 bats
  A frilled lizard (D:1)
26 creatures vanquished.

Notes
Turn   | Place    | Note
-------+----------+-------------------------------------------
     0 | D:1      | Peloso the Minotaur Fighter began the quest for the Orb.
     0 | D:1      | Reached XP level 1. HP: 19/19 MP: 0/0
   610 | D:1      | Reached XP level 2. HP: 21/27 MP: 1/1
  1332 | D:2      | Reached XP level 3. HP: 25/33 MP: 2/2
  1509 | D:2      | HP: 1/33 [gnoll/+0 halberd (3)]
  1509 | D:2      | Mangled by a gnoll

Illustrated notes

Levels and vault maps discovered:
D:1:      wander_arrival_desolate, layout_basic, basic_ecumenical_altar
D:2:      layout_basic

Skill      XL: |  1  2  3 |
---------------+----------+-----
Armour         | 4 |  4.3
Fighting       | 4 |  4.0
Long Blades    | 3 |  3.1
Shields        | 4 |  4.0

Action                   || total
-------------------------++-------
Melee: Long sword        ||    84
       Headbutt          ||     8
  Use: Potion            ||     1
       Scroll            ||     4
Armor: Scale mail        ||    14
       Chain mail        ||    47
Dodge: Dodged            ||    39
Block: Buckler           ||    28
